 Dungeon Crawl Stone Soup version 0.32-a0-656-g3542139ebd (webtiles) character file.

Game seed: 13569708644674111264

18 Dittersdorf the Trooper (level 2, -1/19 HPs)
             Began as a Gargoyle Fighter on Mar 8, 2024.
             Killed from afar by a dart slug (3 damage)
             ... with a slug dart
             ... on level 1 of the Dungeon.
             The game lasted 00:00:11 (161 turns).

Dittersdorf the Trooper (Gargoyle Fighter)           Turns: 161, Time: 00:00:12

Health: -1/19      AC:  9    Str: 19    XL:     2   Next: 70%
Magic:  2/2        EV:  9    Int:  8    God:
Gold:   22         SH:  4    Dex:  9    Spells: 1/1 levels left

rFire   . . .        a - +0 flail
rCold   . . .        c - +0 buckler
rNeg    + . .        b - +0 scale mail
rPois   ∞            (no helmet)
rElec   +            (no cloak)
rCorr   .            (no gloves)
SInv    .            (no boots)
Will    .....        (no amulet) Stlth
                     (no ring)
HPRegen 0.23/turn    (no ring)
MPRegen 0.08/turn

%: no passive effects
@: no status effects
A: sickness immunity, AC +2, negative energy resistance 1, electricity
resistance, torment resistance 1, petrification resistance
a: no special abilities


You were on level 1 of the Dungeon.
You visited 1 branch of the dungeon, and saw 1 of its levels.

You collected 22 gold pieces.

Inventory:

Hand Weapons
 a - a +0 flail (weapon)
Armour
 b - a +0 scale mail (worn)
 c - a +0 buckler (worn)
Jewellery
 f - a ring of see invisible
Scrolls
 e - a scroll of identify {unknown}
Potions
 d - 2 potions of might


   Skills:
 + Level 3.5 Fighting
 + Level 2.3 Maces & Flails
 + Level 3.5 Armour
 + Level 3.5 Shields


You had one spell level left.
You didn't know any spells.
Your spell library was empty.

Dungeon Overview and Level Annotations

Branches:
Dungeon (1/15)

Altars:

Shops:
D:1 =


Innate Abilities, Weirdness & Mutations

You are immune to sickness and miasma.
Your stone body is resilient. (AC +2)
You are immune to poison.
You resist negative energy. (rN+)
You are resistant to electric shocks. (rElec)
You are resistant to unholy torment.
You are immune to petrification.


Message History

The gnoll hits you but does no damage.
You hit the goblin.
The goblin is moderately wounded.
The goblin closely misses you. The gnoll barely misses you.
The goblin barely misses you.
You barely miss the goblin.
The goblin is moderately wounded.
The gnoll hits you from afar with a +0 spear.
The goblin hits you but does no damage. The gnoll misses you.
You closely miss the goblin.
The goblin is moderately wounded.
The goblin hits you with a +0 dagger. The gnoll closely misses you.
You closely miss the goblin.
The goblin is moderately wounded.
The goblin hits you but does no damage. The gnoll barely misses you.
The goblin hits you with a +0 dagger.
* * * LOW HITPOINT WARNING * * *
The gnoll barely misses you.
You closely miss the goblin.
The goblin is moderately wounded.
The goblin hits you but does no damage. You block the gnoll's attack.
You closely miss the goblin.
The goblin is moderately wounded.
The goblin hits you with a +0 dagger.
* * * LOW HITPOINT WARNING * * *
You block the gnoll's attack.
You hit the goblin.
You kill the goblin!
The gnoll closely misses you. You block the gnoll's attack.
The gnoll hits you with a +0 spear.
* * * LOW HITPOINT WARNING * * *
You see here a +0 dagger.
You thump the gnoll!
You kill the gnoll!
The dart slug launches a dart at you. The slug dart hits you.
* * * LOW HITPOINT WARNING * * *
The dart slug launches a dart at you. The slug dart hits you.
You die...

#........#
#........# .
#........# ..
####.######## ..?
#..........# ....
##.###......#
.....#. #...)..#
.......####......#
....>.w@)........+
......#####......#
..... ########
.... ... .. .


You could see a dart slug.

Vanquished Creatures
  A gnoll (D:1)
  2 ball pythons (D:1)
  An endoplasm (D:1)
  2 goblins (D:1)
  A frilled lizard (D:1)
  2 kobolds (D:1)
9 creatures vanquished.

Notes
Turn   | Place    | Note
-------+----------+-------------------------------------------
     0 | D:1      | Dittersdorf the Gargoyle Fighter began the quest for the
                  | Orb.
     0 | D:1      | Reached XP level 1. HP: 14/14 MP: 1/1
    54 | D:1      | Found a faded altar of an unknown god.
    92 | D:1      | Reached XP level 2. HP: 19/19 MP: 2/2
   161 | D:1      | Killed from afar by a dart slug

Illustrated notes

Levels and vault maps discovered:
D:1:      ncdulo_watergridlock, layout_basic, serial_shops,
          nicolae_shop_window_shopping, hellmonk_ecumenical_altar_crossroads

Action                     || total
---------------------------++-------
  Melee: Flail             ||    39
 Armour: Scale mail        ||    45
  Dodge: Dodged            ||    28
  Block: Buckler           ||     7

Table legend: (Time is in decaauts)
 A = Elapsed time spent in this place.
 B = Non-inter-level travel time spent in this place.
 C = Inter-level travel time spent in this place.
 D = Time resting spent in this place.
 E = Time spent auto-exploring this place.
 F = Levels seen in this place.
 G = Mean time per level.
                   A        B        C        D        E       F      G
               +--------+--------+--------+--------+--------+-----+--------+
         Total |    174 |    174 |      0 |      0 |     96 |   1 |  174.0 |
       Dungeon |    174 |    174 |      0 |      0 |     96 |   1 |  174.0 |
               +--------+--------+--------+--------+--------+-----+--------+

Top non-repeatable levels by time:
     D:1: 174 daAuts
